TOP OF THE 1ST |
Colorado (EL) Rockies batting - Pitching for Harrisburg Senators : RHP Ivano Galikov
|
Pitching: RHP Ivano Galikov
|
|
Batting: RHB Bobby Gulsby
|
0-0: Ball 1-0: Hit by Pitch
|
Batting: LHB Eric Ludwig
|
0-0: Called Strike 0-1: Ball 1-1: Ball 2-1: Foul Ball, location: 2F 2-2: Grounds into double play, U6-3 (Groundball, P, EV 92.5 MPH)
|
Batting: LHB Chris Salim
|
0-0: Ground out U3 (Groundball, 34S, EV 84.4 MPH)
|
Top of the 1st over - 0 runs, 0 hits, 0 errors, 0 left on base; Colorado (EL) 0 - Harrisburg 0 |
BOTTOM OF THE 1ST |
Harrisburg Senators batting - Pitching for Colorado (EL) Rockies : LHP Benito Vargas
|
Pitching: LHP Benito Vargas
|
|
Batting: RHB Pat Drader
|
0-0: Ball 1-0: Called Strike 1-1: Ball 2-1: Swinging Strike 2-2: Ball 3-2: Base on Balls
|
Batting: RHB Kevin Whitenack
|
0-0: Called Strike 0-1: Ball 1-1: Ball 2-1: Foul Ball, location: 2F 2-2: Ball Passed Ball! Pat Drader to second 3-2: Base on Balls
|
Batting: RHB Slavik Nebrodov
|
0-0: Ball 1-0: 3-RUN HOME RUN (Flyball, 78XD, EV 97.5 MPH), Distance : 397 ft
|
Batting: SHB Alex Ethridge
|
0-0: Ball 1-0: Called Strike 1-1: DOUBLE (Line Drive, 89D, EV 105.0 MPH)
|
Batting: SHB Dan Castaneda
|
0-0: Ball 1-0: Ground out 5-3 (Groundball, 5L, EV 85.6 MPH)
|
Batting: RHB Jim Towle
|
0-0: Called Strike 0-1: Ball 1-1: Ball 2-1: Foul Ball, location: 2F 2-2: Ground out 4-3 (Groundball, 34, EV 85.6 MPH) Alex Ethridge to third
|
Batting: RHB John McNeill
|
0-0: Foul Ball, location: 2F 0-1: Ground out 6-3 (Groundball, 6, EV 85.0 MPH)
|
Bottom of the 1st over - 3 runs, 2 hits, 0 errors, 1 left on base; Colorado (EL) 0 - Harrisburg 3 |
TOP OF THE 2ND |
Colorado (EL) Rockies batting - Pitching for Harrisburg Senators : RHP Ivano Galikov
|
Batting: RHB Mike Manchester
|
0-0: Ball 1-0: Swinging Strike 1-1: Ball 2-1: Foul Ball, location: 2F 2-2: Strikes out swinging, 2-3 out at first.
|
Batting: SHB Pete Perla
|
0-0: Ground out 4-3 (Groundball, 4M, EV 100.0 MPH)
|
Batting: RHB Matt Fabre
|
0-0: Ball 1-0: Swinging Strike 1-1: Ball 2-1: Called Strike 2-2: Strikes out looking
|
Top of the 2nd over - 0 runs, 0 hits, 0 errors, 0 left on base; Colorado (EL) 0 - Harrisburg 3 |
BOTTOM OF THE 2ND |
Harrisburg Senators batting - Pitching for Colorado (EL) Rockies : LHP Benito Vargas
|
Batting: LHB Nate Melendez
|
0-0: SINGLE (Line Drive, 7S, EV 105.6 MPH)
|
Batting: RHB Josh Lykins
|
0-0: Ball 1-0: Called Strike Nate Melendez steals 2nd base 1-1: Foul Ball, location: 2F 1-2: Ball 2-2: Foul Ball, location: 2F 2-2: Ground out 6-3 (Groundball, 6, EV 90.6 MPH)
|
Batting: RHB Pat Drader
|
0-0: Ball 1-0: Swinging Strike 1-1: Foul Ball, location: 2F 1-2: SINGLE (Line Drive, 6MD, EV 93.8 MPH) Nate Melendez to third
|
Batting: RHB Kevin Whitenack
|
0-0: Called Strike 0-1: Ball 1-1: Fly out, F4 (Flyball, 34D, EV 87.5 MPH)
|
Batting: RHB Slavik Nebrodov
|
0-0: Called Strike 0-1: Swinging Strike 0-2: Strikes out swinging
|
Bottom of the 2nd over - 0 runs, 2 hits, 0 errors, 2 left on base; Colorado (EL) 0 - Harrisburg 3 |
TOP OF THE 3RD |
Colorado (EL) Rockies batting - Pitching for Harrisburg Senators : RHP Ivano Galikov
|
Batting: RHB Luis Castillo
|
0-0: Foul Ball, location: 2F 0-1: Ball 1-1: Ball 2-1: Ball 3-1: Swinging Strike 3-2: SINGLE (Line Drive, 56, EV 97.5 MPH)
|
Batting: RHB Chris Kinder
|
0-0: Ball 1-0: Grounds into double play, 5-4-3 (Groundball, 5L, EV 97.5 MPH)
|
Batting: LHB Eric Zacher
|
0-0: Ball 1-0: Called Strike 1-1: SINGLE (Flyball, 78S, EV 96.2 MPH)
|
Batting: RHB Bobby Gulsby
|
0-0: Ball 1-0: Called Strike 1-1: Foul Ball, location: 2F 1-2: Foul Ball, location: 2F 1-2: Fly out, F8 (Flyball, 8RM, EV 88.1 MPH)
|
Top of the 3rd over - 0 runs, 2 hits, 0 errors, 1 left on base; Colorado (EL) 0 - Harrisburg 3 |
BOTTOM OF THE 3RD |
Harrisburg Senators batting - Pitching for Colorado (EL) Rockies : LHP Benito Vargas
|
Batting: SHB Alex Ethridge
|
0-0: Ball 1-0: Foul Ball, location: 2F 1-1: Ground out 3-1 (Groundball, 13, EV 83.1 MPH)
|
Batting: SHB Dan Castaneda
|
0-0: Ball 1-0: Ball 2-0: Ball 3-0: Foul Ball, location: 2F 3-1: SOLO HOME RUN (Flyball, 78XD, EV 109.4 MPH), Distance : 432 ft
|
Batting: RHB Jim Towle
|
0-0: Ball 1-0: Called Strike 1-1: Ball 2-1: Fly out, F5 (Popup, 56S, EV 76.9 MPH)
|
Batting: RHB John McNeill
|
0-0: Ball 1-0: Swinging Strike 1-1: SINGLE (Groundball, 56D, EV 106.9 MPH)
|
Batting: LHB Nate Melendez
|
0-0: Ball 1-0: Foul Ball, location: 2F 1-1: Ball 2-1: DOUBLE (Flyball, 8LXD, EV 93.8 MPH) John McNeill to third Runner from 3rd tries for Home, SAFE, throw by CF to home
|
Pitching: RHP Carlos Delgado
|
|
Batting: RHB Josh Lykins
|
0-0: Hit by Pitch
|
Batting: RHB Pat Drader
|
0-0: Ball 1-0: Ball 2-0: Ball 3-0: Called Strike 3-1: Foul Ball, location: 2F 3-2: DOUBLE (Line Drive, 3D, EV 101.2 MPH) Nate Melendez scores Josh Lykins to third Josh Lykins scores
|
Batting: RHB Kevin Whitenack
|
0-0: Ball 1-0: Ball 2-0: Ground out 6-3 (Groundball, 6, EV 83.8 MPH)
|
Bottom of the 3rd over - 4 runs, 4 hits, 0 errors, 1 left on base; Colorado (EL) 0 - Harrisburg 7 |
TOP OF THE 4TH |
Colorado (EL) Rockies batting - Pitching for Harrisburg Senators : RHP Ivano Galikov
|
Batting: LHB Eric Ludwig
|
0-0: Called Strike 0-1: Called Strike 0-2: Ball 1-2: Ball 2-2: Ball 3-2: Ground out 4-3 (Groundball, 4, EV 87.5 MPH)
|
Batting: LHB Chris Salim
|
0-0: Called Strike 0-1: Ball 1-1: Ball 2-1: Fly out, F8 (Flyball, 78M, EV 94.4 MPH)
|
Batting: RHB Mike Manchester
|
0-0: Foul Ball, location: 2F 0-1: Foul Ball, location: 2F 0-2: TRIPLE (Line Drive, 89XD, EV 107.5 MPH)
|
Batting: SHB Pete Perla
|
0-0: Called Strike 0-1: Swinging Strike 0-2: Ball 1-2: Ball 2-2: Ball Wild Pitch! Mike Manchester scores 3-2: Foul Ball, location: 2F 3-2: SINGLE (Groundball, 34D, EV 104.4 MPH)
|
Batting: RHB Matt Fabre
|
0-0: Ball 1-0: Called Strike 1-1: Ball 2-1: Fly out, F3 (Line Drive, 3, EV 63.1 MPH)
|
Top of the 4th over - 1 run, 2 hits, 0 errors, 1 left on base; Colorado (EL) 1 - Harrisburg 7 |
BOTTOM OF THE 4TH |
Harrisburg Senators batting - Pitching for Colorado (EL) Rockies : RHP Carlos Delgado
|
Batting: RHB Slavik Nebrodov
|
0-0: Ball 1-0: Ball 2-0: DOUBLE (Line Drive, 78D, EV 108.1 MPH)
|
Batting: SHB Alex Ethridge
|
0-0: Foul Ball, location: 2F 0-1: Ball 1-1: Called Strike 1-2: Ball Wild Pitch! Slavik Nebrodov to third 2-2: Ball 3-2: Strikes out swinging
|
Batting: SHB Dan Castaneda
|
0-0: Ball 1-0: Ball 2-0: Called Strike 2-1: Foul Ball, location: 2F 2-2: Strikes out looking
|
Batting: RHB Jim Towle
|
0-0: Ground out 4-3 (Groundball, 4, EV 103.8 MPH)
|
Bottom of the 4th over - 0 runs, 1 hit, 0 errors, 1 left on base; Colorado (EL) 1 - Harrisburg 7 |
TOP OF THE 5TH |
Colorado (EL) Rockies batting - Pitching for Harrisburg Senators : RHP Ivano Galikov
|
Batting: RHB Luis Castillo
|
0-0: Ground out 4-3 (Groundball, 4MS, EV 81.2 MPH)
|
Batting: RHB Chris Kinder
|
0-0: Called Strike 0-1: Called Strike 0-2: Foul Ball, location: 2F 0-2: Ball 1-2: Ball 2-2: Fly out, F4 (Popup, 3S, EV 80.6 MPH)
|
Batting: LHB Eric Zacher
|
0-0: Ball 1-0: Foul Ball, location: 2F 1-1: Ball 2-1: TRIPLE (Line Drive, 89XD, EV 100.0 MPH)
|
Batting: RHB Bobby Gulsby
|
0-0: DOUBLE (Line Drive, 3D, EV 106.9 MPH) Eric Zacher scores
|
Batting: LHB Eric Ludwig
|
0-0: Foul Ball, location: 2F 0-1: Foul Ball, location: 2F 0-2: Ground out 6-3 (Groundball, 4M, EV 90.6 MPH)
|
Top of the 5th over - 1 run, 2 hits, 0 errors, 1 left on base; Colorado (EL) 2 - Harrisburg 7 |
BOTTOM OF THE 5TH |
Harrisburg Senators batting - Pitching for Colorado (EL) Rockies : RHP Carlos Delgado
|
Batting: RHB John McNeill
|
0-0: Ground out 4-3 (Groundball, 4, EV 81.2 MPH)
|
Batting: LHB Nate Melendez
|
0-0: Called Strike 0-1: Called Strike 0-2: SINGLE (Line Drive, 7S, EV 106.2 MPH)
|
Batting: RHB Josh Lykins
|
0-0: Called Strike Nate Melendez steals 2nd base 0-1: Ball 1-1: Ball 2-1: Fly out, F9 (Line Drive, 9, EV 108.1 MPH)
|
Batting: RHB Pat Drader
|
0-0: Called Strike 0-1: Ball 1-1: Foul Ball, location: 2F 1-2: Ball 2-2: SINGLE (Groundball, 4MD, EV 107.5 MPH) Nate Melendez to third Runner from 3rd tries for Home, SAFE, throw by CF to home
|
Batting: RHB Kevin Whitenack
|
0-0: Ball Pat Drader steals 2nd base 1-0: Called Strike 1-1: Swinging Strike 1-2: Foul Ball, location: 2F 1-2: DOUBLE (Flyball, 8RXD, EV 92.5 MPH) Pat Drader scores
|
Batting: RHB Slavik Nebrodov
|
0-0: SINGLE (Line Drive, 89M, EV 83.8 MPH) Kevin Whitenack to third Runner from 3rd tries for Home, SAFE, throw by RF to home Slavik Nebrodov to second
|
Batting: SHB Alex Ethridge
|
0-0: Called Strike 0-1: Ball 1-1: Foul Ball, location: 2F 1-2: Fly out, F8 (Flyball, 8RD, EV 98.8 MPH)
|
Bottom of the 5th over - 3 runs, 4 hits, 0 errors, 1 left on base; Colorado (EL) 2 - Harrisburg 10 |
TOP OF THE 6TH |
Colorado (EL) Rockies batting - Pitching for Harrisburg Senators : RHP Ivano Galikov
|
Batting: LHB Chris Salim
|
0-0: Foul Ball, location: 2F 0-1: Ball 1-1: Called Strike 1-2: SOLO HOME RUN (Flyball, 9D, EV 98.8 MPH), Distance : 395 ft
|
Batting: RHB Mike Manchester
|
0-0: Called Strike 0-1: Swinging Strike 0-2: Ball 1-2: Ground out 6-3 (Groundball, 6, EV 86.2 MPH)
|
Batting: SHB Pete Perla
|
0-0: Called Strike 0-1: Single, Error in OF, E8, batter to second base (Groundball, 6D, EV 106.2 MPH)
|
Batting: RHB Matt Fabre
|
0-0: Called Strike 0-1: Called Strike 0-2: SINGLE (Groundball, 34D, EV 103.8 MPH) Pete Perla to third Runner from 3rd tries for Home, throw by RF and OUT! 9-2
|
Batting: RHB Luis Castillo
|
0-0: Called Strike 0-1: Ball 1-1: Ball 2-1: Swinging Strike 2-2: Strikes out swinging
|
Top of the 6th over - 1 run, 3 hits, 1 error, 1 left on base; Colorado (EL) 3 - Harrisburg 10 |
BOTTOM OF THE 6TH |
Harrisburg Senators batting - Pitching for Colorado (EL) Rockies : RHP Carlos Delgado
|
Batting: SHB Dan Castaneda
|
0-0: Ground out U3 (Groundball, 3, EV 82.5 MPH)
|
Batting: RHB Jim Towle
|
0-0: Fly out, F9 (Flyball, 9LM, EV 85.0 MPH)
|
Batting: RHB John McNeill
|
0-0: Ball 1-0: Called Strike 1-1: Swinging Strike 1-2: Strikes out swinging
|
Bottom of the 6th over - 0 runs, 0 hits, 0 errors, 0 left on base; Colorado (EL) 3 - Harrisburg 10 |
TOP OF THE 7TH |
Colorado (EL) Rockies batting - Pitching for Harrisburg Senators : RHP Ivano Galikov
|
Batting: RHB Chris Kinder
|
0-0: Called Strike 0-1: Fly out, F5 (Flyball, 5D, EV 85.0 MPH)
|
Batting: LHB Eric Zacher
|
0-0: Ball 1-0: Swinging Strike 1-1: Ball 2-1: Ball 3-1: Base on Balls
|
Pitching: RHP Chris Close
|
|
Batting: RHB Bobby Gulsby
|
0-0: Called Strike 0-1: Foul Ball, location: 2F 0-2: Foul Ball, location: 2F 0-2: Ball 1-2: Foul Ball, location: 2F 1-2: Ball 2-2: Fly out, F7 (Flyball, 78S, EV 98.8 MPH)
|
Batting: LHB Eric Ludwig
|
0-0: Called Strike Eric Zacher steals 2nd base (no throw) 0-1: Foul Ball, location: 2F 0-2: Ball 1-2: Ball 2-2: Ball 3-2: Strikes out swinging
|
Top of the 7th over - 0 runs, 0 hits, 0 errors, 1 left on base; Colorado (EL) 3 - Harrisburg 10 |
BOTTOM OF THE 7TH |
Harrisburg Senators batting - Pitching for Colorado (EL) Rockies : RHP Carlos Delgado
|
Batting: LHB Nate Melendez
|
0-0: Called Strike 0-1: SINGLE (Groundball, 4M, EV 106.2 MPH) (infield hit)
|
Batting: RHB Josh Lykins
|
0-0: Called Strike 0-1: Called Strike 0-2: Ball 1-2: Ball 2-2: Fielders Choice at 2nd, 3-6 (Groundball, 34, EV 103.1 MPH)
|
Batting: RHB Pat Drader
|
0-0: Foul Ball, location: 2F 0-1: Ball 1-1: SINGLE (Groundball, 6MD, EV 95.0 MPH) Josh Lykins to second Runner from 2nd tries for 3rd, SAFE, throw by CF made to third Pat Drader to second
|
Batting: RHB Kevin Whitenack
|
0-0: Ball 1-0: Fly out, F9 (Flyball, 9, EV 82.5 MPH) Runner from 3rd tags up, SCORES, throw by RF
|
Pitching: RHP Javier Leon
|
|
Now in RF: Bodil Hardenberg
|
|
Batting: RHB Slavik Nebrodov
|
0-0: Called Strike 0-1: Ball 1-1: Ball 2-1: Foul Ball, location: 2F 2-2: Ball 3-2: Foul Ball, location: 2F 3-2: Foul Ball, location: 2F 3-2: Ground out 5-3 (Groundball, 5S, EV 80.0 MPH)
|
Bottom of the 7th over - 1 run, 2 hits, 0 errors, 1 left on base; Colorado (EL) 3 - Harrisburg 11 |
TOP OF THE 8TH |
Colorado (EL) Rockies batting - Pitching for Harrisburg Senators : RHP Chris Close
|
Batting: LHB Chris Salim
|
0-0: Ball 1-0: Foul Ball, location: 2F 1-1: Ball 2-1: SINGLE (Groundball, 34D, EV 97.5 MPH)
|
Batting: RHB Mike Manchester
|
0-0: DOUBLE (Line Drive, 9LM, EV 109.4 MPH) Chris Salim to third
|
Batting: SHB Pete Perla
|
0-0: Ball 1-0: Ball 2-0: Fly out, F9 (Flyball, 9D, EV 91.2 MPH) Runner from 3rd tags up, SCORES, no throw by RF Mike Manchester to third
|
Batting: RHB Matt Fabre
|
0-0: Ball 1-0: Ball 2-0: Ball 3-0: Called Strike 3-1: Ground out U3 (Groundball, 34S, EV 66.2 MPH) Mike Manchester scores
|
Batting: RHB Luis Castillo
|
0-0: Ball 1-0: Foul Ball, location: 2F 1-1: SINGLE (Line Drive, 4MD, EV 95.6 MPH)
|
Batting: RHB Chris Kinder
|
0-0: Ball 1-0: Ball 2-0: Foul Ball, location: 2F 2-1: DOUBLE (Line Drive, 3D, EV 96.2 MPH) Luis Castillo to third Runner from 3rd tries for Home, SAFE, no throw by RF
|
Pitching: LHP Kyle Bachman
|
|
Batting: LHB Eric Zacher
|
0-0: Foul Ball, location: 2F 0-1: Swinging Strike 0-2: Foul Ball, location: 2F 0-2: Ball 1-2: Foul Ball, location: 2F 1-2: Strikes out swinging
|
Top of the 8th over - 3 runs, 4 hits, 0 errors, 1 left on base; Colorado (EL) 6 - Harrisburg 11 |
BOTTOM OF THE 8TH |
Harrisburg Senators batting - Pitching for Colorado (EL) Rockies : RHP Javier Leon
|
Batting: SHB Alex Ethridge
|
0-0: Ball 1-0: Ball 2-0: Called Strike 2-1: Called Strike 2-2: Ball 3-2: Strikes out swinging
|
Batting: SHB Dan Castaneda
|
0-0: Swinging Strike 0-1: Swinging Strike 0-2: Strikes out swinging
|
Batting: RHB Jim Towle
|
0-0: Called Strike 0-1: Ball 1-1: Ball 2-1: Called Strike 2-2: Ball 3-2: Ground out 5-3 (Groundball, 25, EV 86.9 MPH)
|
Bottom of the 8th over - 0 runs, 0 hits, 0 errors, 0 left on base; Colorado (EL) 6 - Harrisburg 11 |
TOP OF THE 9TH |
Colorado (EL) Rockies batting - Pitching for Harrisburg Senators : LHP Kyle Bachman
|
Batting: RHB Bodil Hardenberg
|
0-0: Fly out, F9 (Flyball, 9, EV 94.4 MPH)
|
Batting: LHB Eric Ludwig
|
0-0: Fly out, F7 (Line Drive, 7S, EV 93.8 MPH)
|
Batting: LHB Chris Salim
|
0-0: Called Strike 0-1: Foul Ball, location: 2F 0-2: SINGLE (Line Drive, 56, EV 104.4 MPH)
|
Batting: RHB Mike Manchester
|
0-0: Ball 1-0: Ball 2-0: Ground out U3 (Groundball, 3, EV 78.8 MPH)
|
Top of the 9th over - 0 runs, 1 hit, 0 errors, 1 left on base; Colorado (EL) 6 - Harrisburg 11 |
|